 Dungeon Crawl Stone Soup version 0.17-a0-1760-ga6756ae (webtiles) character file.

14770 Sixotanaka the Brawler (level 12, 0/92 HPs)
             Began as a Ghoul Wanderer on Sept 4, 2015.
             Was the Champion of Okawaru.
             Slain by a vampire mosquito (7 damage)
             ... on level 3 of the Lair of Beasts on Sept 6, 2015.
             The game lasted 00:55:39 (11313 turns).

Sixotanaka the Brawler (Ghoul Wanderer)            Turns: 11313, Time: 00:55:40

Health: 0/92       AC: 12    Str: 20    XL:     12   Next: 20%
Magic:  0/11       EV:  9    Int:  8    God:    Okawaru [******]
Gold:   638        SH:  0    Dex: 12    Spells: 0 memorised, 11 levels left

rFire  . . .     SeeInvis .       - Unarmed
rCold  + . .     Clarity  .     F - +0 scale mail (curse)
rNeg   + + +     SustAt   .     (no shield)
rPois  ∞         Gourm    .     T - +2 hat
rElec  .         Spirit   +     I - +0 cloak
rCorr  .         Warding  .     (no gloves)
rMut   .         Stasis   .     (no boots)
MR     .....                    L - amulet of guardian spirit
Stlth  ..........               A - +4 ring of intelligence
                                h - ring of flight

@: rotting, invisible, not resistant to hostile enchantments, extremely
unstealthy
A: rotting body, claws 1, carnivore 3, cold resistance 1, negative energy
resistance 3, slow healing 1, torment resistance, unbreathing
a: Heroism, Finesse, Renounce Religion, Evoke Flight


You were on level 3 of the Lair of Beasts.
You worshipped Okawaru.
Okawaru was exalted by your worship.
You were not hungry.

You visited 2 branches of the dungeon, and saw 13 of its levels.
You also visited: Sewer.

You collected 638 gold pieces.


Innate Abilities, Weirdness & Mutations

Your body is rotting away.
You thrive on raw meat.
You are immune to poison.
You have sharp fingernails.
You are carnivorous and can eat meat at any time.
Your flesh is cold resistant.
You are immune to negative energy.
You heal slowly when monsters are visible.
You are immune to unholy pain and torment.
You can survive without breathing.


   Skills:
 - Level 4.6 Fighting
   Level 1.0 Maces & Flails
 - Level 11.0 Armour
 - Level 1.1 Stealth
 + Level 15.9 Unarmed Combat
 - Level 1.0 Evocations


You had 11 spell levels left.
You didn't know any spells.

Dungeon Overview and Level Annotations

Branches:
Dungeon (9/15)             Temple (0/1) D:7            Lair (4/8) D:8
  Swamp (0/4) Lair:3
  Snake: Lair:3-6    Spider: Lair:3-6       Orc: D:9-12

Altars:
Dithmenos
Gozag
Okawaru
Qazlal
Ru
Trog
Yredelemnul
Zin
The Shining One

Inventory:

Hand weapons
 b - a +0 hand crossbow
 t - a +1 blowgun
Missiles
 c - 41 bolts
 u - 75 poisoned needles
 y - 4 curare-tipped needles
 D - 13 bolts of flame
Armour
 f - a +1 plate armour
 F - a cursed +0 scale mail (worn)
 I - a +0 cloak (worn)
 T - a +2 hat (worn)
Jewellery
 h - a ring of flight (left claw)
 j - an uncursed ring of ice
 A - a +4 ring of intelligence (right claw)
 C - an uncursed ring of stealth
 J - an uncursed ring of teleportation
 L - an amulet of guardian spirit (around neck)
 P - an uncursed ring of magical power {unknown}
 Q - an uncursed amulet of regeneration {unknown}
Magical devices
 a - a wand of flame (15)
 r - a wand of frost (41)
 U - a wand of lightning (0)
Scrolls
 o - a scroll of enchant weapon
 v - a scroll of enchant armour
 E - a scroll of fear {unknown}
 G - 2 scrolls of amnesia {unknown}
 H - 5 scrolls of noise {unknown}
 K - a scroll of blinking
 M - 3 scrolls of remove curse {@r2}
 O - 4 scrolls of teleportation {@r4}
 R - a scroll of torment {unknown}
 V - a scroll of immolation {unknown}
Potions
 d - a potion of invisibility
 g - 3 potions of brilliance
 i - 7 potions of curing {@q1}
 k - a potion of resistance {unknown}
 n - a potion of beneficial mutation {unknown}
 p - 2 potions of poison
 q - a potion of ambrosia {unknown}
 s - 3 potions of flight {unknown}
 x - a potion of haste {unknown}
 z - 4 potions of agility
 B - 2 potions of magic
 N - a potion of berserk rage {unknown}
 S - a potion of degeneration {unknown}
Books
 m - a book of Cantrips
Comestibles
 e - 6 meat rations
 l - 3 chunks of flesh
 w - 2 royal jellies

### ### #@######
###########.#####y.#P.###P##
..............YY............
..............Y.............
...........................Y.
.............................
.............................
......................P≈.....
.....................≈≈≈....


You could see a vampire mosquito.


Message History

You enter the shallow water.
Moving in this stuff is going to be slow.
Things that are here:
a river rat skeleton; a crocodile skeleton You see here a river rat skeleton.
There is a stone staircase leading down here.
Eat one of 4 chunks of flesh? (ye/n/q/i?)
Okay, then.
Eat one of 4 chunks of flesh? (ye/n/q/i?)
You feel more resilient.
This raw flesh tastes great!
You continue eating. x2
Read which item? (? for menu, Esc to quit)
Okay, then.
You climb downwards.
Found 2 potions of curing.
There is a stone staircase leading up here.
Found 21 gold pieces.
Found a stone staircase leading up. 5 yaks come into view.
The yak bellows! x5
The yak moves out of view.
Found a crystal ball of energy.
There is a stone staircase leading up here.
A yak comes into view.
The yak bellows!
The yak gores you. The yak gores you!
Found a stone staircase leading down.
The yak gores you!
There is a stone staircase leading up here.
You scratch the yak. The yak barely misses you.
The yak gores you but does no damage. x3
You climb upwards.
There is a stone staircase leading down here.
You can't go up here!
You claw the yak! The yak barely misses you. The yak gores you.
You closely miss the yak. The yak gores you! The yak barely misses you.
The yak gores you!
You closely miss the yak. The yak gores you. The yak gores you!
* * * LOW HITPOINT WARNING * * *
You barely miss the yak. You claw the yak.
The yak gores you but does no damage.
You claw the yak! The yak gores you!
* * * LOW HITPOINT WARNING * * *
The yak gores you!
* * * LOW HITPOINT WARNING * * *
The yak gores you.
* * * LOW HITPOINT WARNING * * *
The yak gores you but does no damage. The yak gores you.
* * * LOW HITPOINT WARNING * * *
A vampire mosquito comes into view.
The vampire mosquito buzzes angrily.
The vampire mosquito bites you.
* * * LOW HITPOINT WARNING * * *
The vampire mosquito bites you.
* * * LOW HITPOINT WARNING * * *
The vampire mosquito bites you but does no damage.
The vampire mosquito closely misses you.
The vampire mosquito bites you!
* * * LOW HITPOINT WARNING * * *
Drink which item? (? for menu, Esc to quit)
You feel better. The vampire mosquito bites you!
* * * LOW HITPOINT WARNING * * *
The vampire mosquito barely misses you.
Drink which item? (? for menu, Esc to quit)
You fade into invisibility!
The vampire mosquito bites you.
* * * LOW HITPOINT WARNING * * *
The vampire mosquito bites you!
You die...

Action                   |  1- 3 |  4- 6 |  7- 9 | 10-12 || total
-------------------------+-------+-------+-------+-------++-------
Melee: Unarmed           |   160 |   359 |   386 |   623 ||  1528
 Fire: Hand crossbow     |     1 |       |       |       ||     1
       Blowgun           |       |       |     4 |       ||     4
Invok: Heroism           |       |       |       |     4 ||     4
Evoke: Wand              |       |       |       |     1 ||     1
  Use: Scroll            |       |     4 |    13 |     1 ||    18
       Potion            |       |       |       |     2 ||     2
 Stab: Distracted        |       |       |     1 |       ||     1
  Eat: Chunk             |    10 |     6 |    26 |    68 ||   110
       Beef jerky        |       |       |     1 |       ||     1

Vault maps used:
D:1:      dpeg_arrival_long_road, serial_corexii_hall,
          corexii_hall_statues_deadend, corexii_hall_statues_t
D:2:      nicolae_overflow_hidden_temple
D:3:      old_standard_altar, first_bread
D:4:      old_standard_altar, lightli_sewer_entry_pipes,
          yredelemnul_altar_generic, kennysheep_generic_room_12
D:5:      hangedman_decor_peaks_small, uniq_eustachio
D:6:      nicolae_qazlal_eye_of_the_storm, lemuel_crystal_altar, basic_altar,
          nicolae_benzene_ring, nicolae_ru_sacrificial_ziggurat,
          lemuel_statue_altar
D:7:      minmay_temple_entry_glassed_door, uniq_duvessa
D:8:      grunt_temple_overflow_gold_and_silver, minmay_lair_entry_grove,
          uniq_prince_ribbit1
D:9:      lemuel_coloured_pillars_altar, erik_orc_1, serial_ice, serial_ice_h,
          serial_ice_m, serial_ice_i, serial_ice_e, solitary_fountain,
          hangedman_tree_tricks
Lair:1:   infiniplex_staircase_pool, serial_bayou_shore_b
Lair:3:   minmay_swamp_entry_swarm, serial_bayou_pond_d, minmay_another_anthill
Lair:4:   guppyfry_snake_entry_garden, uniq_josephine
Sewer:    sewer_frog_island_02

Notes
Turn   | Place    | Note
--------------------------------------------------------------
     0 | D:1      | Sixotanaka the Ghoul Wanderer began the quest for the Orb.
     0 | D:1      | Sixotanaka set off with: a wand of flame (15), a +0 hand crossbow, 20 bolts, a +0 ring mail, a meat ration
     0 | D:1      | Reached XP level 1. HP: 22/22 MP: 0/0
   122 | D:1      | Reached skill level 1 in Unarmed Combat
   217 | D:1      | Reached XP level 2. HP: 26/28 MP: 1/1
   350 | D:1      | Reached skill level 2 in Unarmed Combat
   624 | D:2      | Reached XP level 3. HP: 34/34 MP: 2/2
   855 | D:2      | Reached skill level 3 in Unarmed Combat
  1046 | D:2      | Found a basalt altar of Yredelemnul.
  1104 | D:2      | HP: 8/34 [adder (1)]
  1106 | D:2      | HP: 3/34 [adder (3)]
  1107 | D:2      | HP: 1/34 [adder (3)]
  1320 | D:3      | Reached XP level 4. HP: 37/41 MP: 3/3
  1338 | D:3      | Reached skill level 4 in Unarmed Combat
  1512 | D:3      | Found an iron altar of Okawaru.
  1518 | D:3      | Became a worshipper of Warmaster Okawaru
  1758 | D:3      | Reached XP level 5. HP: 35/47 MP: 4/4
  1838 | D:3      | Reached skill level 5 in Unarmed Combat
  2262 | D:4      | Noticed a phantom
  2290 | D:4      | Killed a phantom
  2290 | D:4      | Acquired Okawaru's first power
  2290 | D:4      | Reached skill level 6 in Unarmed Combat
  2290 | D:4      | Reached XP level 6. HP: 33/52 MP: 5/5
  2325 | D:4      | Noticed TuckyLangle's ghost (average SpEn)
  2345 | D:4      | Killed TuckyLangle's ghost
  2359 | D:4      | Found a basalt altar of Yredelemnul.
  2372 | D:4      | Reached skill level 7 in Unarmed Combat
  2503 | D:4      | Found a glowing drain.
  2511 | Sewer    | Entered a sewer
  2962 | Sewer    | Reached XP level 7. HP: 52/59 MP: 6/6
  3196 | Sewer    | Reached skill level 8 in Unarmed Combat
  3810 | D:4      | Reached skill level 9 in Unarmed Combat
  3968 | D:4      | Noticed an ogre
  3976 | D:4      | HP: 12/56 [ogre/giant club (16)]
  3982 | D:4      | HP: 12/57 [ogre/giant club (5)]
  4196 | D:5      | Entered Level 5 of the Dungeon
  4442 | D:5      | Noticed Eustachio
  4460 | D:5      | Killed Eustachio
  4460 | D:5      | Reached XP level 8. HP: 62/64 MP: 7/7
  4528 | D:5      | Reached skill level 10 in Unarmed Combat
  4949 | D:6      | Found a glowing golden altar of the Shining One.
  5015 | D:6      | Found a bloodstained altar of Trog.
  5127 | D:6      | Reached skill level 11 in Unarmed Combat
  5132 | D:6      | Found a sacrificial altar of Ru.
  5191 | D:6      | Found an opulent altar of Gozag.
  5321 | D:6      | Found a stormy altar of Qazlal.
  5432 | D:7      | Noticed Dowan
  5433 | D:7      | Noticed Duvessa
  5464 | D:7      | Killed Dowan
  5584 | D:7      | Noticed nimbus's ghost (experienced MfIE)
  5618 | D:7      | Killed nimbus's ghost
  5618 | D:7      | Reached skill level 12 in Unarmed Combat
  5618 | D:7      | Reached XP level 9. HP: 19/69 MP: 8/8
  5836 | D:7      | Found a staircase to the Ecumenical Temple.
  5914 | D:7      | Killed Duvessa
  5979 | D:7      | Reached skill level 13 in Unarmed Combat
  6370 | D:5      | Acquired Okawaru's second power
  6772 | D:4      | Killed an ogre
  6801 | D:4      | Found a shadowy altar of Dithmenos.
  7162 | D:8      | Noticed Prince Ribbit
  7376 | D:8      | Reached skill level 14 in Unarmed Combat
  7407 | D:8      | Killed Prince Ribbit
  7407 | D:8      | Reached XP level 10. HP: 42/80 MP: 9/9
  7466 | D:8      | Reached skill level 3 in Armour
  7509 | D:8      | Reached skill level 4 in Armour
  7521 | D:8      | HP: 14/80 [ogre/giant club (19)]
  7596 | D:8      | Found a staircase to the Lair.
  7623 | D:8      | Reached skill level 5 in Armour
  7935 | D:8      | Reached skill level 6 in Armour
  7984 | D:8      | Found an opulent altar of Gozag.
  7984 | D:8      | Found a glowing silver altar of Zin.
  8268 | Lair:1   | Entered Level 1 of the Lair of Beasts
  8375 | Lair:1   | Received a gift from Okawaru
  8379 | Lair:1   | Reached skill level 7 in Armour
  8570 | Lair:1   | Reached skill level 8 in Armour
  8766 | D:8      | Reached XP level 11. HP: 25/85 MP: 3/10
  8767 | D:8      | HP: 17/85 [yak (8)]
  8775 | D:8      | HP: 15/85 [yak (3)]
  8784 | D:8      | HP: 5/85 [yak (9)]
  8788 | D:8      | Reached skill level 9 in Armour
  9473 | Lair:2   | Reached skill level 10 in Armour
  9491 | Lair:2   | Received a gift from Okawaru
  9983 | Lair:2   | Reached skill level 11 in Armour
 10606 | Lair:3   | Noticed a queen ant
 10622 | Lair:3   | Killed a queen ant
 10685 | Lair:3   | Reached skill level 15 in Unarmed Combat
 10732 | Lair:3   | Noticed a four-headed hydra
 10835 | Lair:3   | Reached XP level 12. HP: 41/92 MP: 6/11
 11093 | Lair:3   | Found a staircase to the Swamp.
 11289 | Lair:3   | HP: 23/92 [yak (2)]
 11307 | Lair:3   | HP: 21/92 [vampire mosquito (2)]
 11310 | Lair:3   | HP: 9/92 [vampire mosquito (9)]
 11313 | Lair:3   | Slain by a vampire mosquito

Vanquished Creatures
  A queen ant (Lair:3)
  The ghost of nimbus the Frost Mage, an experienced MfIE of Dithmenos (D:7)
  2 black mambas (Lair:2)
  2 spiny frogs
  A komodo dragon (Lair:3)
  A polar bear (Lair:3)
  Prince Ribbit (D:8)
  5 blink frogs (Lair:2)
  19 yaks
  Eustachio (D:5)
  5 vampire mosquitoes (Lair:3)
  4 basilisks
  4 hippogriffs
  5 soldier ants (Lair:3)
  Duvessa (D:7)
  5 water moccasins
  A sky beast (D:8)
  4 porcupines
  A phantom (D:4)
  2 centaurs
  4 ogres
  12 crocodiles
  9 giant frogs
  The ghost of TuckyLangle the Sneak, an average SpEn (D:4)
  Dowan (D:7)
  4 scorpions
  An electric eel (Lair:1)
  6 killer bees (D:8)
  3 crimson imps
  A giant frog zombie (D:7)
  2 jellies
  A hound (D:4)
  4 giant frog skeletons
  A centaur skeleton (D:5)
  2 orc priests
  4 iguanas
  2 orc wizards (D:4)
  16 worker ants
  A killer bee zombie (D:7)
  6 sheep (D:8)
  A hound skeleton (D:8)
  A hound zombie (D:6)
  A worker ant zombie (D:6)
  4 gnolls (D:3)
  10 adders
  38 river rats
  A shadow imp (D:6)
  12 oozes
  A worm (D:3)
  21 giant geckos
  18 orcs
  7 goblins
  2 hobgoblins
  8 jackals
  8 kobolds
  4 quokkas
  12 ball pythons
  7 bats
  15 giant cockroaches
  18 giant newts
  2 jackal skeletons
  2 quokka skeletons (D:7)
  A quokka zombie (D:5)
  11 rats
352 creatures vanquished.

Vanquished Creatures (others)
  A hound (D:6)
  9 fungi
  5 plants
15 creatures vanquished.

Grand Total: 367 creatures vanquished
